 Dungeon Crawl Stone Soup version 0.18.1-50-g88ac8fd (webtiles) character file.

43 go0n the Skirmisher (level 3, -6/24 HPs)
             Began as a Gargoyle Fighter on Sept 22, 2016.
             Killed from afar by Sigmund (10 damage)
             ... with a puff of flame
             ... on level 2 of the Dungeon.
             The game lasted 00:04:13 (1123 turns).

go0n the Skirmisher (Gargoyle Fighter)              Turns: 1123, Time: 00:04:14

Health: -6/24      AC:  0    Str: 20    XL:     3   Next: 58%
Magic:  3/3        EV: 18    Int:  8    God:
Gold:   69         SH:  0    Dex: 14    Spells: 0 memorised, 2 levels left

rFire  . . .     SeeInvis .     (weapon currently unavailable)
rCold  . . .     Gourm    .     (armour currently unavailable)
rNeg   + . .     Faith    .     (shield currently unavailable)
rPois  ∞         Spirit   .     (helmet currently unavailable)
rElec  .         Dismiss  .     (cloak currently unavailable)
rCorr  .         Reflect  .     (gloves currently unavailable)
SustAt .         Harm     .     (boots currently unavailable)
MR     .....                    (no amulet)
Stlth  +.........               (ring currently unavailable)
                                (ring currently unavailable)

@: confused, bat-form, flying, very quick, not resistant to hostile
enchantments, very unstealthy
A: negative energy resistance 1, (electricity resistance), (unbreathing),
petrification resistance, rot immunity, AC +3
a: no special abilities


You were on level 2 of the Dungeon.
You were not hungry.
You were in bat-form.
You visited 1 branch of the dungeon, and saw 2 of its levels.

You collected 69 gold pieces.

Inventory:

Hand Weapons
 a - a +0 flail (melded)
 g - a +0 mace
Armour
 b - a +0 scale mail
 c - a +0 shield (melded)
 e - a +2 cloak of invisibility (melded)
 q - a +0 ring mail
 s - a +0 ring mail (melded)
Jewellery
 j - a ring of positive energy (melded)
Scrolls
 h - a scroll of remove curse {unknown}
 l - 3 scrolls of identify {unknown}
 o - a scroll of blinking {unknown}
 r - a scroll of enchant armour {unknown}
Potions
 d - a potion of might
 i - 2 potions of agility {unknown}
 k - a potion of flight {unknown}
 m - a potion of cure mutation {unknown}
 n - a potion of heal wounds {unknown}
Comestibles
 f - a bread ration
 p - a meat ration


   Skills:
 + Level 3.8 Fighting
 + Level 2.4 Maces & Flails
 - Level 3.2 Armour
 * Level 1.5 Dodging
 - Level 3.2 Shields


You had 2 spell levels left.
You didn't know any spells.

Dungeon Overview and Level Annotations

Branches:
Dungeon (2/15)

Altars:

Annotations:
D:2 Sigmund


Innate Abilities, Weirdness & Mutations

You are resistant to torment.
((Your stone body is resilient (AC +3).))
You are immune to poison.
You resist negative energy.
((You are resistant to electric shocks.))
((You can survive without breathing.))
You are immune to petrification.
You are immune to rotting.


Message History

* * * LOW HITPOINT WARNING * * *
The quokka bites the plant.
You miss something.
You're too confused to move!
The quokka bites the plant.
Something closely misses you.
You closely miss something.
The quokka bites the plant.
You miss something.
The quokka bites the plant but does no damage.
You hear a zap.
You can't do that in your present form.
Unknown command.
You can't do that in your present form.
You're too confused!
The quokka bites the plant but does no damage.
You see here a club.
You're too confused to move!
You hear some strange, mumbled words.
A puff of flame appears from out of thin air!
The puff of flame hits you!
You die...

................#
...#...#....###.#
.#...(##P♣♣.###.# ..#
.....♣##P♣♣...#.# ..#
.#.....♣♣.♣♣..#.#
...#
.P.P♣♣..P..P....#
....# .P.♣♣
.♣.PP♣♣...###....#
..P♣
P..P.♣♣..........#
♣♣♣.♣
..♣♣♣♣PP..b.....!#
.... ♣P...r{)........
P.♣♣....P♣♣♣.###....#
♣P ...P. ♣.# ##...
..♣..♣♣ #.# .. .♣ ..<
. ... P...# .#..#


You could see a quokka.

Vanquished Creatures
  A worm (D:1)
  A dart slug (D:1)
  3 giant cockroaches (D:1)
  4 goblins
  3 hobgoblins (D:1)
  3 jackals (D:1)
  3 kobolds (D:1)
  A quokka (D:2)
  A ball python (D:1)
  7 bats (D:1)
  5 giant newts
  6 rats (D:1)
38 creatures vanquished.

Notes
Turn   | Place    | Note
--------------------------------------------------------------
     0 | D:1      | go0n the Gargoyle Fighter began the quest for the Orb.
     0 | D:1      | Reached XP level 1. HP: 14/14 MP: 1/1
    64 | D:1      | Reached XP level 2. HP: 11/19 MP: 2/2
   345 | D:1      | Reached skill level 1 in Dodging
   450 | D:1      | Reached XP level 3. HP: 24/24 MP: 3/3
  1095 | D:2      | Noticed Sigmund
  1123 | D:2      | Killed from afar by Sigmund

Skill      XL: |  1  2 |
---------------+-------+-----
Dodging        | 1 |  1.5
Fighting       | |  3.8
Maces & Flails | |  2.4
Armour         | |  3.2
Shields        | |  3.2

Action                   || total
-------------------------++-------
Melee: Flail             ||   142
       Unarmed           ||     6
  Eat: Chunk             ||     1
Armor: Scale mail        ||    93
       Ring mail         ||    24
Dodge: Dodged            ||    53
Block: Shield            ||   104
